 Dungeon Crawl Stone Soup version 0.27-a0-328-g7f782ed93a (webtiles) character file.

Game seed: 6310958549875062495

61 ReteAZ the Shield-Bearer (level 4, -2/35 HPs)
             Began as a Human Fighter on Feb 11, 2021.
             Slain by a gnoll
             ... wielding a +0 flail
              (5 damage)
             ... on level 1 of the Dungeon.
             The game lasted 00:01:05 (1072 turns).

ReteAZ the Shield-Bearer (Human Fighter)            Turns: 1072, Time: 00:01:06

Health: -2/35      AC:  6    Str: 17    XL:     4   Next: 27%
Magic:  4/4        EV:  7    Int:  8    God:
Gold:   93         SH:  9    Dex: 13    Spells: 3/3 levels left

rFire    . . .     SeeInvis .   a - +0 long sword
rCold    . . .     Faith    .   c - +0 kite shield
rNeg     . . .     Spirit   .   b - +0 scale mail
rPois    .         Reflect  .   (no helmet)
rElec    .         Harm     .   (no cloak)
rCorr    .         Rampage  .   (no gloves)
Will     .....                  (no boots)
Stlth    ..........             (no amulet)
HPRegen  0.11/turn              (no ring)
MPRegen  0.09/turn              (no ring)

@: no status effects
A: no striking features
a: no special abilities


You were on level 1 of the Dungeon.
You visited 1 branch of the dungeon, and saw 2 of its levels.

You collected 93 gold pieces.

Inventory:

Hand Weapons
 a - a +0 long sword (weapon)
Armour
 b - a +0 scale mail (worn)
 c - a +0 kite shield (worn)
Jewellery
 n - a +6 ring of dexterity {unknown}
Scrolls
 e - 5 scrolls of identify {unknown}
 h - a scroll of amnesia {unknown}
 j - a scroll of fog {unknown}
 m - a scroll of fear {unknown}
 o - a scroll of enchant weapon {unknown}
Potions
 d - a potion of might
 f - a potion of attraction {unknown}
 g - a potion of lignification {unknown}
 i - a potion of flight {unknown}
 k - a potion of ambrosia {unknown}
 l - 2 potions of curing {unknown}
 p - a potion of heal wounds {unknown}


   Skills:
 + Level 3.4 Fighting
 * Level 3.0 Long Blades
 + Level 3.4 Armour
 + Level 3.4 Shields


You had 3 spell levels left.
You didn't know any spells.
Your spell library was empty.

Dungeon Overview and Level Annotations

Branches:
Dungeon (2/15)

Altars:


Message History

The gnoll shouts!
A gnoll comes into view. It is wielding a +0 flail.
There are monsters nearby! 2 gnolls come into view.
The gnoll shouts!
The gnoll moves out of view.
An ooze comes into view.
The ooze quivers.
The gnoll closely misses you.
You riposte.
Your shield and scale mail prevent you from hitting the gnoll.
The gnoll hits you with a +0 spear!
Found 9 gold pieces.
You closely miss the gnoll. The gnoll hits you with a +0 spear.
You block the gnoll's attack.
You hit the gnoll.
The gnoll is moderately wounded.
The gnoll hits you but does no damage. You block the gnoll's attack.
The gnoll barely misses you.
You riposte.
You hit the gnoll.
The gnoll is moderately wounded.
The gnoll barely misses you. The gnoll hits you with a +0 flail!
The gnoll hits you.
You are too injured to fight recklessly!
You are too injured to fight recklessly!
You are too injured to fight recklessly!
You are too injured to fight recklessly!
You are too injured to fight recklessly!
You are too injured to fight recklessly!
You are too injured to fight recklessly!
You are too injured to fight recklessly!
The gnoll hits you but does no damage. You block the gnoll's attack.
There is an escape hatch in the ceiling here.
The gnoll hits you with a +0 flail. A mysterious force pulls you upwards.
The hatch slams shut behind you.
You are too injured to fight recklessly!
You hit the gnoll but do no damage. The gnoll hits you with a +0 flail!
* * * LOW HITPOINT WARNING * * *
You hit the gnoll.
The gnoll is heavily wounded.
The gnoll hits you with a +0 flail.
You die...

##.# #.#.#
#.####........
#..# #.#.###.##
##.###### #.##
#.#.##...####.#
#.#
#......#......#
#####.##
###.##...######
.......# #.####.#
.####..# #.# #.#
.####..# #g# #.#
.##....# #@# #.#
.##.##.# #.# #.#
.##.##.# #.# #.#
....†..# #.# #.#
###.#### #.# #.#
#.# #.# #.# ##.##
#.# #.#
##...######### #.#
#.###########
.............###.#
#............


You could see a gnoll.

Vanquished Creatures
  2 adders (D:2)
  A dart slug (D:1)
  A leopard gecko (D:1)
  2 bats
  2 giant cockroaches (D:1)
  7 goblins
  10 hobgoblins
  2 ball pythons (D:1)
  2 frilled lizards
  4 kobolds (D:1)
  4 rats
37 creatures vanquished.

Notes
Turn   | Place    | Note
-------+----------+-------------------------------------------
     0 | D:1      | ReteAZ the Human Fighter began the quest for the Orb.
     0 | D:1      | Reached XP level 1. HP: 18/18 MP: 1/1
    94 | D:1      | Reached XP level 2. HP: 21/24 MP: 2/2
   343 | D:1      | Reached XP level 3. HP: 19/29 MP: 3/3
   975 | D:2      | Reached XP level 4. HP: 34/35 MP: 4/4
  1072 | D:1      | Slain by a gnoll

Illustrated notes

Levels and vault maps discovered:
D:1:      wander_arrival_peaceful_grave, layout_loops_ring
D:2:      layout_rooms, kennysheep_ying_yang, lemuel_round_altar

Skill      XL: |  1  2  3  4 |
---------------+-------------+-----
Long Blades    | 3 |  3.0
Fighting       | |  3.4
Armour         | |  3.4
Shields        | |  3.4

Action                   |  1- 3 |  4- 6 || total
-------------------------+-------+-------++-------
Melee: Long sword        |    73 |    17 ||    90
Armor: Scale mail        |    26 |     2 ||    28
Dodge: Dodged            |    22 |     5 ||    27
Block: Kite shield       |    31 |    16 ||    47
       Rpst.: Long sword |     8 |     2 ||    10

Table legend: (Time is in decaauts)
 A = Elapsed time spent in this place.
 B = Non-inter-level travel time spent in this place.
 C = Inter-level travel time spent in this place.
 D = Time resting spent in this place.
 E = Time spent auto-exploring this place.
 F = Levels seen in this place.
 G = Mean time per level.
                   A        B        C        D        E       F      G
               +--------+--------+--------+--------+--------+-----+--------+
         Total |   1118 |   1083 |     35 |      0 |    831 |   2 |  559.0 |
       Dungeon |   1118 |   1083 |     35 |      0 |    831 |   2 |  559.0 |
               +--------+--------+--------+--------+--------+-----+--------+

Top non-repeatable levels by time:
     D:1: 976 daAuts
     D:2: 141 daAuts
